 Dungeon Crawl Stone Soup version 0.31.0-12-g77e489cdc1 (webtiles) character file.

Game seed: 8140405482269141947

33 monsoonserge the Covert (level 3, -2/19 HPs)
             Began as a Spriggan Delver on Feb 23, 2024.
             Was an Initiate of Ru.
             Slain by a hound (4 damage)
             ... on level 5 of the Dungeon.
             The game lasted 00:01:56 (235 turns).

monsoonserge the Covert (Spriggan Delver)            Turns: 235, Time: 00:01:57

Health: -2/19      AC:  2    Str:  8    XL:     3   Next: 12%
Magic:  4/4        EV: 18    Int: 11    God:    Ru [......]
Gold:   0          SH:  0    Dex: 18    Spells: 2/2 levels left

rFire   . . .        a - +0 short sword
rCold   . . .        (no shield)
rNeg    . . .        b - +0 robe
rPois   .            (helmet restricted)
rElec   .            (no cloak)
rCorr   .            (gloves unavailable)
SInv    +            (boots unavailable)
Will    .....        (no amulet)
Stlth   ++++         (no ring)
HPRegen 0.23/turn    (no ring)
MPRegen 0.09/turn

%: no passive effects
@: very quick
A: very small, no large weapons, unfitting armour, see invisible, speed 3
a: Renounce Religion


You were on level 5 of the Dungeon.
You worshipped Ru.
Ru was noncommittal.
You visited 2 branches of the dungeon, and saw 3 of its levels.

Inventory:

Hand Weapons
 a - a +0 short sword (weapon)
Armour
 b - a +0 robe (worn)
Wands
 g - a wand of digging (3)
Scrolls
 c - a scroll of fog
 d - a scroll of revelation
 e - a scroll of fear
Potions
 f - a potion of haste


   Skills:
 + Level 2.8 Fighting
 * Level 2.6 Short Blades
 + Level 2.8 Dodging
 - Level 8.0 Stealth


You had 2 spell levels left.
You didn't know any spells.
Your spell library was empty.

Dungeon Overview and Level Annotations

Branches:
Dungeon (5/15)             Temple (1/1) D:5

Altars:
Ashenzari
Cheibriados
Dithmenos
Elyvilon
Fedhas
Hepliaklqana
Kikubaaqudgha
Makhleb
Nemelex Xobeh
Okawaru
Ru
Sif Muna
Trog
Vehumet
Xom
Zin

Annotations:
D:4 Ijyb


Innate Abilities, Weirdness & Mutations

You are very small and have problems with some larger weapons.
You are too small for most types of armour.
You have supernaturally acute eyesight. (SInv)
You cover ground extremely quickly. (Speed+++)


Message History

There is a staircase to the Ecumenical Temple here.
You hit the hound but do no damage. The hound misses you. The hound bites you.
You hit the hound.
The hound is moderately wounded.
The hound bites you.
You closely miss the hound.
The hound is moderately wounded.
The hound closely misses you.
You hit the hound.
The hound is heavily wounded.
The hound closely misses you.
You hit the hound but do no damage.
The hound is heavily wounded.
The hound bites you but does no damage. The hound bites you.
* * * LOW HITPOINT WARNING * * *
The hound attacks as it pursues you! The hound bites you.
* * * LOW HITPOINT WARNING * * *
You hit the hound but do no damage.
The hound is moderately wounded.
The hound misses you.
You hit the hound.
The hound is moderately wounded.
The hound bites you.
* * * LOW HITPOINT WARNING * * *
You hit the hound.
The hound is severely wounded.
The hound closely misses you.
You completely miss the hound.
The hound is severely wounded.
The hound closely misses you. The hound misses you.
You barely miss the hound.
The hound is severely wounded.
The hound misses you.
You hit the hound but do no damage.
The hound is severely wounded.
The hound closely misses you.
You hit the hound.
The hound is almost dead.
The hound bites you.
You die...

#.........##..##
#.........#####
#..h##.....
#...##....# #
#...#####+# .#
+.........##..#
#+####........#
##.......$#
#..8@....:#
#..h......#
#..8..#####
#.....# #....$#
#.....# #.....#
#.....# #.....#


You could see a hound.

Vanquished Creatures
  A bombardier beetle (D:4)
1 creature vanquished.

Notes
Turn   | Place    | Note
-------+----------+-------------------------------------------
     0 | D:5      | monsoonserge the Spriggan Delver began the quest for the
                  | Orb.
     0 | D:5      | Reached XP level 1. HP: 11/11 MP: 2/2
   114 | D:4      | Noticed a bombardier beetle
   120 | D:4      | Killed a bombardier beetle
   121 | D:4      | Reached skill level 8 in Stealth
   121 | D:4      | Reached XP level 2. HP: 16/16 MP: 3/3
   121 | D:4      | Reached XP level 3. HP: 19/19 MP: 4/4
   123 | D:4      | Noticed Ijyb
   152 | D:5      | Found a staircase to the Ecumenical Temple.
   158 | Temple   | Entered the Ecumenical Temple
   164 | Temple   | Became a worshipper of Ru the Awakened
   235 | D:5      | Slain by a hound

Illustrated notes

Levels and vault maps discovered:
D:4:      layout_basic, uniq_ijyb
D:5:      layout_gridville, temple_statues, nrook_campfire
Temple:   nicolae_temple_x_marks_the_god

Skill      XL: |  1 |
---------------+----+-----
Stealth        | 8 |  8.0
Fighting       | |  2.8
Short Blades   | |  2.6
Dodging        | |  2.8

Action                     || total
---------------------------++-------
  Melee: Short sword       ||    14
   Stab: Sleeping          ||     1
 Armour: Robe              ||    11
  Dodge: Dodged            ||    12
